 Dungeon Crawl Stone Soup version 0.29-a0-551-gffc1d7fb78 (webtiles) character file.

Game seed: 12760772497636807343

2416 pokeman the Thaumaturge (level 9, -7/49 HPs)
             Began as a Deep Elf Hedge Wizard on June 6, 2022.
             Was an Initiate of Vehumet.
             Mangled by a two-headed ogre
             ... wielding a +0 giant spiked club
              (17 damage)
             ... on level 7 of the Dungeon.
             The game lasted 00:17:46 (8320 turns).

pokeman the Thaumaturge (Deep Elf Hedge Wizard)     Turns: 8320, Time: 00:17:47

Health: -7/49      AC: 11    Str:  7    XL:     9   Next: 23%
Magic:  1/26       EV: 13    Int: 24    God:    Vehumet [......]
Gold:   568        SH:  0    Dex: 14    Spells: 19/30 levels left

rFire   . . .      SeeInvis .   K - +9 hand axe "Addoscha" {elec, *Noise rPois Stlth+}
rCold   . . .      Faith    .   (no shield)
rNeg    . . .      Spirit   .   A - +0 steam dragon scales
rPois   +          Reflect  .   u - +1 helmet
rElec   .          Harm     .   g - scarf {repulsion}
rCorr   .          Rampage  .   (no gloves)
Will    .....                   (no boots)
Stlth   +++.......              h - amulet of regeneration
HPRegen 0.96/turn               v - ring of wizardry
MPRegen 0.20/turn               y - +4 ring of protection

@: repel missiles
A: no striking features
a: Renounce Religion


You were on level 7 of the Dungeon.
You worshipped Vehumet.
Vehumet was noncommittal.
You visited 2 branches of the dungeon, and saw 8 of its levels.
You also visited: Sewer.

You collected 568 gold pieces.

Inventory:

Hand Weapons
 r - a +0 shortbow
 K - the +9 hand axe "Addoscha" (weapon) {elec, *Noise rPois Stlth+}
   (You found it on level 6 of the Dungeon)

   It occasionally discharges a powerful burst of electricity upon striking a
   foe.
   rPois:     It protects you from poison.
   *Noise:    It may make noises in combat.
   Stlth:     It makes you more stealthy.
Armour
 g - a scarf of repulsion (worn)
 u - a +1 helmet (worn)
 z - a +2 leather armour of poison resistance
 A - +0 steam dragon scales (worn)
Magical Staves
 E - a staff of poison
Jewellery
 a - a +6 ring of dexterity
 h - an amulet of regeneration (around neck)
 t - a ring of protection from cold
 v - a ring of wizardry (left hand)
 w - a ring of protection from fire
 y - a +4 ring of protection (right hand)
Wands
 b - a wand of iceblast (4)
 j - a wand of paralysis (6)
 n - a wand of flame (28)
Scrolls
 c - a scroll of vulnerability {unknown}
 e - 4 scrolls of blinking {unknown}
 f - 2 scrolls of amnesia {unknown}
 m - 2 scrolls of torment {unknown}
 o - 3 scrolls of teleportation {unknown}
 p - 3 scrolls of identify {unknown}
 q - 2 scrolls of poison {unknown}
 B - 3 scrolls of magic mapping {unknown}
 C - 3 scrolls of silence {unknown}
 F - 2 scrolls of fog {unknown}
 H - 3 scrolls of immolation {unknown}
 I - a scroll of acquirement {unknown}
Potions
 d - a potion of magic
 i - a potion of haste {unknown}
 k - 2 potions of degeneration {unknown}
 l - 6 potions of flight
 s - 2 potions of cancellation {unknown}
 x - 3 potions of curing
 D - a potion of resistance {unknown}
 G - a potion of mutation
 J - a potion of heal wounds {unknown}


   Skills:
 + Level 2.4 Fighting
 - Level 3.2 Armour
 - Level 3.0 Dodging
 - Level 3.0 Stealth
 * Level 11.2 Spellcasting
 + Level 6.1 Conjurations
 - Level 1.1 Summonings
 - Level 1.1 Translocations
 + Level 5.1 Fire Magic
 - Level 1.0 Air Magic
 - Level 1.0 Poison Magic
 - Level 1.0 Evocations


You had 19 spell levels left.
You knew the following spells:

 Your Spells              Type           Power      Damage    Failure   Level
a - Magic Dart            Conj           100%       1d8       1%          1
b - Mephitic Cloud        Conj/Pois/Air  26%        N/A       1%          3
c - Call Imp              Summ           18%        N/A       1%          2
d - Blink                 Tloc           36%        N/A       1%          2
e - Conjure Flame         Conj/Fire      40%        6-21      1%          3

Your spell library contained the following spells:

 Spells                   Type           Power      Damage    Failure   Level
 Slow                     Hex            52%        N/A       1%          1
 Ozocubu's Armour         Ice            13%        N/A       6%          3
 Metabolic Englaciation   Hex/Ice        6%         N/A       45%         5
 Simulacrum               Ice/Necr       6%         N/A       94%         6


Dungeon Overview and Level Annotations

Branches:
Dungeon (7/15)             Temple (1/1) D:6           Sewer (visited)

Altars:
Ashenzari
Cheibriados
Dithmenos
Gozag
Hepliaklqana
Makhleb
Nemelex Xobeh
Okawaru
Qazlal
Ru
Sif Muna
Trog
Uskayaw
Vehumet
Wu Jian
Yredelemnul
The Shining One

Annotations:
D:6 Water passage


Message History

Confirm with . or Enter, or press ? or * to list all spells.
Aiming: Mephitic Cloud (safe; 1% risk of failure)
Press: ? - help, Shift-Dir - straight line, f/p - two-headed ogre
Aim: a two-headed ogre, wielding two +0 giant spiked clubs (severely wounded, chance to affect: 53%)
The ball explodes into a vile cloud!
The stinking cloud engulfs the two-headed ogre but does no damage.
The two-headed ogre is severely wounded.
The two-headed ogre is engulfed in noxious fumes.
Unknown command.
Casting: Mephitic Cloud (safe; 1% risk of failure)
Confirm with . or Enter, or press ? or * to list all spells.
You don't have enough magic to cast this spell.
Unknown command.
Casting: Mephitic Cloud (safe; 1% risk of failure)
Confirm with . or Enter, or press ? or * to list all spells.
Aiming: Mephitic Cloud (safe; 1% risk of failure)
Press: ? - help, Shift-Dir - straight line, f/p - two-headed ogre
Aim: a two-headed ogre, wielding two +0 giant spiked clubs (severely wounded, chance to affect: 53%)
The ball explodes into a vile cloud!
The stinking cloud engulfs the two-headed ogre but does no damage.
The two-headed ogre is severely wounded.
The two-headed ogre is engulfed in noxious fumes.
Unknown command.
You slash the two-headed ogre!
The two-headed ogre is severely wounded.
The two-headed ogre is engulfed in noxious fumes.
The two-headed ogre barely misses you. The two-headed ogre misses you.
You hit the two-headed ogre.
The two-headed ogre is almost dead.
The two-headed ogre is engulfed in noxious fumes.
The two-headed ogre hits you with a +0 giant spiked club!
The two-headed ogre hits you with a +0 giant spiked club!!
Ouch! That really hurt!
* * * LOW HITPOINT WARNING * * *
The two-headed ogre is engulfed in noxious fumes.
You slash the two-headed ogre!
The two-headed ogre is almost dead.
The two-headed ogre barely misses you.
The two-headed ogre hits you with a +0 giant spiked club!
You die...

############ .##........# #####
.##........#########...#
.##........#...........##########
(''........'......°°...○.........
.##........#....@O°....###..#####
###..)...).#...........# #..#
#.......)............###..#####
########...).........#.........
#.............#.#.######
########......#.#.# #..
.........#####.#.####..
########+#####....(O'..
#......#...##)##.


You could see a two-headed ogre.

Vanquished Creatures
  Pikel (D:4)
  Prince Ribbit (D:7)
  2 steam dragons
  A sky beast (D:7)
  An ice beast (D:5)
  A centaur (D:6)
  2 ogres (D:5)
  2 lemures (D:4)
  A phantom (D:6)
  A kobold brigand (D:7)
  3 scorpions
  An electric eel (D:6)
  2 jellies
  3 hounds
  2 orc priests
  2 iguanas
  Ijyb (D:3)
  Terence (D:3)
  2 orc wizards
  12 adders
  5 river rats (Sewer)
  A shadow imp (D:6)
  4 white imps
  6 worms
  3 dart slugs
  16 orcs
  8 ball pythons
  14 bats
  8 endoplasms
  5 giant cockroaches
  6 goblins
  9 hobgoblins
  11 jackals
  8 quokkas
  5 frilled lizards
  11 kobolds
  13 rats
175 creatures vanquished.

Notes
Turn   | Place    | Note
-------+----------+-------------------------------------------
     0 | D:1      | pokeman the Deep Elf Hedge Wizard began the quest for the
                  | Orb.
     0 | D:1      | Reached XP level 1. HP: 10/10 MP: 7/7
   190 | D:1      | Reached XP level 2. HP: 15/15 MP: 1/9
   672 | D:1      | Reached skill level 5 in Spellcasting
   989 | D:1      | Reached XP level 3. HP: 20/20 MP: 9/11
   993 | D:1      | Learned a level 3 spell: Mephitic Cloud
   996 | D:1      | Learned a level 2 spell: Call Imp
   999 | D:1      | Learned a level 2 spell: Blink
  1003 | D:1      | Learned a level 3 spell: Conjure Flame
  1164 | D:1      | Found a faded altar of an unknown god.
  1680 | D:2      | Reached skill level 1 in Fighting
  1682 | D:2      | Reached skill level 1 in Armour
  1682 | D:2      | Reached XP level 4. HP: 25/25 MP: 3/13
  2434 | D:3      | Noticed Terence
  2460 | D:3      | Killed Terence
  2461 | D:3      | Reached skill level 6 in Spellcasting
  2551 | D:3      | Reached XP level 5. HP: 29/29 MP: 11/15
  2642 | D:3      | Found a stormy altar of Qazlal.
  2653 | D:3      | Reached skill level 1 in Fire Magic
  2827 | D:3      | Noticed Ijyb
  2835 | D:3      | Killed Ijyb
  3836 | D:4      | Reached skill level 1 in Air Magic
  3836 | D:4      | Reached XP level 6. HP: 17/34 MP: 9/17
  3899 | D:4      | Reached skill level 7 in Spellcasting
  3899 | D:4      | Reached skill level 1 in Poison Magic
  3899 | D:4      | Reached skill level 1 in Evocations
  3976 | D:4      | Found a sacrificial altar of Ru.
  3995 | D:4      | Found a broken altar of Ashenzari.
  3995 | D:4      | Noticed Pikel
  4028 | D:4      | Killed Pikel
  4029 | D:4      | Reached skill level 8 in Spellcasting
  4029 | D:4      | Reached XP level 7. HP: 28/40 MP: 11/21
  4452 | D:4      | Found an opulent altar of Gozag.
  4542 | D:4      | Found a shadowy altar of Dithmenos.
  4606 | D:4      | Found a snail-covered altar of Cheibriados.
  4798 | D:5      | Entered Level 5 of the Dungeon
  5018 | D:5      | Reached XP level 8. HP: 37/44 MP: 15/22
  5193 | D:5      | Reached skill level 9 in Spellcasting
  5331 | D:5      | Found a hide-covered altar of Uskayaw.
  5601 | D:5      | Found a glowing golden altar of the Shining One.
  5730 | D:6      | Reached skill level 5 in Conjurations
  5796 | D:6      | Found a hazy altar of Hepliaklqana.
  5840 | D:6      | Reached skill level 10 in Spellcasting
  5936 | D:6      | Found a staircase to the Ecumenical Temple.
  6077 | D:6      | Found an ornate altar of the Wu Jian Council.
  6090 | D:6      | Found a glowing drain.
  6099 | Sewer    | Entered a sewer
  7107 | Temple   | Entered the Ecumenical Temple
  7145 | Temple   | Became a worshipper of Vehumet
  7760 | D:6      | Identified the +9 hand axe "Addoscha" {elec, *Noise rPois
                  | Stlth+}
  7980 | D:7      | Reached XP level 9. HP: 48/48 MP: 21/25
  8225 | D:7      | Noticed Prince Ribbit
  8238 | D:7      | Noticed a two-headed ogre
  8247 | D:7      | Reached skill level 11 in Spellcasting
  8253 | D:7      | Killed Prince Ribbit
  8254 | D:7      | Reached skill level 5 in Fire Magic
  8320 | D:7      | Mangled by a two-headed ogre

Illustrated notes

Levels and vault maps discovered:
D:1:      matt_arrival_refuge, layout_basic,
          shapermc_ecumenical_altar_mp_vishouse, chequers_mini_garden,
          minmay_rat_gold_closets
D:2:      layout_basic, nrook_uturn, minmay_tromino_v4_a
D:3:      layout_basic, mainiacjoe_overflow_alcove_4, uniq_terence, uniq_ijyb
D:4:      layout_basic, mainiacjoe_overflow_alcove_1,
          mainiacjoe_overflow_cross_hatched, cheibrodos_ashenzari_chains,
          mainiacjoe_overflow_large_starburst, uniq_pikel
D:5:      layout_basic, eat_drink_and_be_merry_uskayaw, tso_oasis_becter,
          hangedman_decor_peaks_small
D:6:      layout_loops_ring, lemuel_tele_altar,
          mainiacjoe_overflow_tiny_flanked, minmay_temple_entry_purple_smoke,
          cheibrodos_sewer_entry_bend, water_maze_lemuel
D:7:      layout_basic, led_xom_imps, minmay_unpleasant_kobolds,
          uniq_prince_ribbit1
Temple:   jpeg_temple_island

Skill      XL: |  1  2  3  4  5  6  7  8  9 |
---------------+----------------------------+-----
Spellcasting   | 5 6 8 10 11 | 11.2
Fighting       | 1 2 |  2.4
Armour         | 1 3 |  3.2
Conjurations   | 2 3 4 5 6 |  6.1
Dodging        | 3 |  3.0
Fire Magic     | 1 2 3 4 5 |  5.1
Stealth        | 3 |  3.0
Air Magic      | 1 |  1.0
Poison Magic   | 1 |  1.0
Evocations     | 1 |  1.0
Summonings     | |  1.1
Translocations | |  1.1

Action                   |  1- 3 |  4- 6 |  7- 9 || total
-------------------------+-------+-------+-------++-------
Melee: Dagger            |     9 |    42 |    27 ||    78
       Punch             |       |     1 |       ||     1
       Hand axe          |       |       |    27 ||    27
 Cast: Magic Dart        |    93 |    85 |   216 ||   394
       Mephitic Cloud    |       |     9 |    19 ||    28
       Conjure Flame     |       |     4 |    10 ||    14
       Blink             |       |       |     3 ||     3
       Call Imp          |       |       |     1 ||     1
 Stab: Sleeping          |     5 |       |       ||     5
       Confused          |       |    14 |     4 ||    18
Armor: Robe              |       |     1 |       ||     1
       Leather armour    |       |     2 |    34 ||    36
       Steam dragon scal |       |       |    10 ||    10
Dodge: Dodged            |    13 |    36 |    74 ||   123
       Repelled          |       |     1 |     1 ||     2

Table legend: (Time is in decaauts)
 A = Elapsed time spent in this place.
 B = Non-inter-level travel time spent in this place.
 C = Inter-level travel time spent in this place.
 D = Time resting spent in this place.
 E = Time spent auto-exploring this place.
 F = Levels seen in this place.
 G = Mean time per level.
                   A        B        C        D        E       F      G
               +--------+--------+--------+--------+--------+-----+--------+
         Total |   8482 |   7996 |    486 |    155 |   6300 |   9 |  942.4 |
       Dungeon |   7365 |   6911 |    454 |    155 |   5374 |   7 | 1052.1 |
        Temple |     70 |     39 |     31 |      0 |     31 |   1 |   70.0 |
         Sewer |   1046 |   1046 |      0 |      0 |    894 |   1 | 1046.0 |
               +--------+--------+--------+--------+--------+-----+--------+

Top non-repeatable levels by time:
     D:3: 1389 daAuts
     D:1: 1296 daAuts
     D:6: 1161 daAuts
     D:2: 1136 daAuts
   Sewer: 1046 daAuts
     D:4: 972 daAuts
     D:5: 912 daAuts
     D:7: 496 daAuts
  Temple: 70 daAuts
